 Dungeon Crawl Stone Soup version 0.16.1-51-g6203257 (webtiles) character file.

312 uhvn the Bolt Thrower (level 6, 0/30 HPs)
             Began as a Vine Stalker Arcane Marksman on July 9, 2015.
             Was a Believer of Makhleb.
             Succumbed to a scorpion's poison
             ... on level 4 of the Dungeon.
             The game lasted 00:16:46 (2684 turns).

uhvn the Bolt Thrower (VSAM)                        Turns: 2684, Time: 00:16:46

Health: 0/30       AC:  3    Str: 13    XL:     6   Next: 42%
Magic:  2/13       EV: 13    Int: 13    God:    Makhleb [**....]
Gold:   154        SH:  0    Dex: 16    Spells: 1 memorised, 9 levels left

rFire  . . .     SeeInvis .     p - +0 spear (flame)
rCold  . . .     Clarity  .     a - +0 robe
rNeg   . . .     SustAb   .     (no shield)
rPois  .         Gourm    .     (no helmet)
rElec  .         Spirit   +     (no cloak)
rCorr  .         Warding  .     i - +0 pair of gloves
rMut   .         Stasis   .     (no boots)
MR     .....                    (no amulet)
Stlth  ++........               (no ring)
                                (no ring)

@: lethally poisoned (0 -> -8), not resistant to hostile enchantments,
unstealthy
A: fangs 2, regeneration 2, magic shield, antimagic bite, no device heal 3, rot
immunity
a: Minor Destruction, Renounce Religion


You were on level 4 of the Dungeon.
You worshipped Makhleb.
Makhleb was pleased with you.
You were very hungry.

You visited 1 branch of the dungeon, and saw 4 of its levels.

You collected 154 gold pieces.

Inventory:

Hand weapons
 b - a +0 hand crossbow
 p - a +0 spear of flaming (weapon)
Missiles
 c - 6 bolts
 h - 20 arrows
 s - 4 tomahawks of returning (quivered)
Armour
 a - a +0 robe (worn)
 i - a +0 pair of gloves (worn)
Jewellery
 l - an uncursed amulet of guardian spirit {unknown}
Scrolls
 e - 2 scrolls of remove curse {unknown}
 m - 3 scrolls of identify {unknown}
 o - a scroll of magic mapping {unknown}
 r - a scroll of enchant armour {unknown}
Potions
 j - a potion of curing {unknown}
 k - 2 potions of restore abilities {unknown}
 n - a potion of agility {unknown}
 q - a potion of resistance {unknown}
 t - a potion of cancellation {unknown}
 u - a potion of heal wounds {unknown}
Books
 d - a book of Debilitation

   Spells                             Type                      Level
   a - Corona                         Hexes                        1
   b - Slow                           Hexes                        2
   c - Inner Flame                    Hexes/Fire                   3
   d - Enslavement                    Hexes                        4
   e - Cause Fear                     Hexes                        4
   f - Leda's Liquefaction            Hexes/Earth                  4
Comestibles
 f - 2 bread rations
 g - 3 meat rations


   Skills:
 * Level 2.0 Fighting
 + Level 4.2 Crossbows
 - Level 0.1 Throwing
 + Level 2.1 Dodging
 + Level 1.1 Stealth
 * Level 2.6 Spellcasting
 + Level 3.7 Hexes


You had 9 spell levels left.
You knew the following spells:

 Your Spells              Type           Power        Failure   Level  Hunger
a - Corona                Hex            ##.....      8%          1    #......


Dungeon Overview and Level Annotations

Branches:
Dungeon (4/15)
 Temple: D:4-7

Altars:
Dithmenos
Elyvilon
Fedhas
Makhleb
Xom


Innate Abilities, Weirdness & Mutations

You have extremely sharp teeth.
You heal very quickly.
When hurt, damage is shared between your health and your magic reserves.
Your bite disrupts and absorbs the magic of your enemies.
Potions and wands cannot restore your health.
You are immune to rotting.


Message History

The scorpion is moderately wounded.
You feel sick. The scorpion closely misses you.
You hit the scorpion but do no damage. Your bite misses the scorpion.
The scorpion is moderately wounded.
You feel sick. The scorpion stings you.
You are more poisoned.
The scorpion poisons you!
You hit the scorpion but do no damage.
The scorpion is moderately wounded.
You feel sick. The scorpion stings you!
* * * LOW HITPOINT WARNING * * *
You hit the scorpion but do no damage. You bite the scorpion.
You drain its power.
You feel invigorated.
The scorpion is moderately wounded.
* * * LOW HITPOINT WARNING * * *
You feel sick. The scorpion stings you!
* * * LOW HITPOINT WARNING * * *
* * * LOW HITPOINT WARNING * * *
You feel sick.
You die...

.# #....).._.....##.## ....# .#
#....)........+...###....# .#
#..<..........##.........# .#
#####.......####.........# .#
#...†...................# .#
#.....####...# #........# .#
#.....# #...# #........# .#
#.....####...###......#......
.####.##.....+..@.s..............
......##..####...###........#..#.
########..####...# #......#.#....
#.....#...# #......#.#..#.
#.###.#...###......#.#.#..
#.............##...#.#....
#####.##########.###.#....
#..........# #..........
##########.# #.....#.#.†


You could see a scorpion.

Vanquished Creatures
  The ghost of uhvn the Sneak, an average VSAs (D:3)
  An orc wizard (D:4)
  6 adders
  A giant mite (D:4)
  3 worms
  An adder skeleton (D:4)
  2 giant geckos
  2 oozes (D:2)
  15 orcs
  2 bats
  6 giant cockroaches
  7 hobgoblins
  9 jackals
  11 kobolds
  2 quokkas
  A ball python (D:1)
  5 giant newts
  9 goblins
  4 rats
88 creatures vanquished.

Notes
Turn   | Place    | Note
--------------------------------------------------------------
     0 | D:1      | uhvn, the Vine Stalker Arcane Marksman, began the quest for the Orb.
     0 | D:1      | Reached XP level 1. HP: 9/9 MP: 2/2
   195 | D:1      | Reached skill level 1 in Fighting
   343 | D:1      | Reached XP level 2. HP: 14/14 MP: 4/4
   746 | D:2      | Reached XP level 3. HP: 18/18 MP: 5/5
   993 | D:2      | Found a white marble altar of Elyvilon.
  1192 | D:2      | Reached XP level 4. HP: 17/22 MP: 2/7
  1234 | D:2      | Found a burning altar of Makhleb.
  1234 | D:2      | Noticed an Executioner
  1237 | D:2      | Noticed a ynoxinul
  1237 | D:2      | Noticed a neqoxec
  1239 | D:2      | Became a worshipper of Makhleb the Destroyer
  1374 | D:3      | Noticed uhvn's ghost (average VSAs)
  1391 | D:3      | Killed uhvn's ghost
  1391 | D:3      | Reached XP level 5. HP: 5/25 MP: 4/11
  1533 | D:3      | Reached skill level 1 in Stealth
  1819 | D:3      | Acquired Makhleb's first power
  2000 | D:3      | Gained mutation: You heal very quickly. [vine stalker growth]
  2000 | D:3      | Reached XP level 6. HP: 30/30 MP: 10/13
  2070 | D:3      | Reached skill level 4 in Crossbows
  2319 | D:4      | Found a blossoming altar of Fedhas.
  2319 | D:4      | Found a shimmering altar of Xom.
  2323 | D:4      | Found a shadowy altar of Dithmenos.
  2642 | D:4      | Acquired Makhleb's second power
  2683 | D:4      | HP: 1/30 [poisoned by a scorpion]
  2684 | D:4      | Succumbed to a scorpion's poison

Action                   |  1- 3 |  4- 6 || total
-------------------------+-------+-------++-------
Melee: Spear             |       |    59 ||    59
 Fire: Hand crossbow     |   103 |   101 ||   204
Throw: Tomahawk          |       |     9 ||     9
 Cast: Corona            |    19 |    39 ||    58
  Eat: Chunk             |     1 |     5 ||     6
